 Dungeon Crawl Stone Soup version 0.26.0-16-gc1dbca0489 (webtiles) character file.

Game seed: 8030142402317111285

77 kaeus the Chopper (level 4, -1/41 HPs)
             Began as a Gnoll Chaos Knight on Jan 20, 2021.
             Was a Plaything of Xom.
             Slain by Sigmund
             ... wielding a +1 scythe of freezing
              (2 damage)
             ... on level 2 of the Dungeon.
             The game lasted 00:01:44 (1010 turns).

kaeus the Chopper (Gnoll Chaos Knight)              Turns: 1010, Time: 00:01:44

Health: -1/41      AC:  5    Str: 16    XL:     4   Next: 34%
Magic:  5/5        EV: 12    Int: 14    God:    Xom [..*...]
Gold:   79         SH:  0    Dex: 14    Spells: 5/5 levels left

rFire    + . .     SeeInvis .   a - +0 hand axe (chaos)
rCold    . . .     Faith    .   (no shield)
rNeg     . . .     Spirit   .   b - +2 leather armour
rPois    .         Reflect  .   (no helmet)
rElec    .         Harm     .   (no cloak)
rCorr    .         Rampage  .   (no gloves)
Will     .....                  (no boots)
Stlth    +.........             (no amulet)
HPRegen  0.13/turn              e - ring of protection from fire
MPRegen  0.09/turn              (no ring)

@: no status effects
A: distributed training, fangs 1, strong nose
a: Renounce Religion


You were on level 2 of the Dungeon.
You worshipped Xom.
You were a toy of Xom.
You visited 1 branch of the dungeon, and saw 2 of its levels.

You collected 79 gold pieces.

Inventory:

Hand Weapons
 a - a +0 hand axe of chaos (weapon)
Armour
 b - a +2 leather armour (worn)
Jewellery
 e - a ring of protection from fire (left hand)
Scrolls
 h - a scroll of remove curse {unknown}
 j - 2 scrolls of blinking {unknown}
Potions
 c - a potion of brilliance {unknown}
 d - 2 potions of heal wounds {unknown}
 f - a potion of attraction {unknown}
 g - 2 potions of curing {unknown}
 i - a potion of degeneration {unknown}
 k - 2 potions of flight {unknown}
 l - a potion of lignification {unknown}


   Skills:
 + Level 6.6 Fighting
 + Level 1.1 Short Blades
 + Level 1.1 Long Blades
 + Level 6.6 Axes
 + Level 1.1 Maces & Flails
 + Level 1.1 Polearms
 + Level 1.1 Staves
 + Level 1.1 Slings
 + Level 1.1 Bows
 + Level 1.1 Crossbows
 + Level 1.1 Throwing
 + Level 4.6 Armour
 + Level 2.7 Dodging
 + Level 1.1 Stealth
 + Level 1.1 Shields
 + Level 1.1 Unarmed Combat
 + Level 1.1 Spellcasting
 + Level 0.8 Conjurations
 + Level 0.8 Hexes
 + Level 0.8 Summonings
 + Level 0.8 Necromancy
 + Level 0.8 Translocations
 + Level 0.8 Transmutations
 + Level 0.8 Fire Magic
 + Level 0.8 Ice Magic
 + Level 0.8 Air Magic
 + Level 0.8 Earth Magic
 + Level 0.8 Poison Magic
 + Level 1.2 Invocations
 + Level 1.1 Evocations


You had 5 spell levels left.
You didn't know any spells.
Your spell library was empty.

Dungeon Overview and Level Annotations

Branches:
Dungeon (2/15)

Altars:

Annotations:
D:2 Sigmund


Innate Abilities, Weirdness & Mutations

Your experience applies equally to all skills.
You have very sharp teeth.
Your uncanny sense of smell can sniff out nearby items.


Message History

The magic dart hits you!
You swap places.
Your rat closely misses Sigmund.
Sigmund misses you.
Your rat closely misses Sigmund.
Sigmund closely misses you.
Your rat closely misses Sigmund. "Let's try an experiment, hmmm?"
Your 2 scrolls labelled SENISY LUBU JER briefly glow.
Your rat closely misses Sigmund.
Sigmund hits you from afar with a +1 scythe of freezing!
* * * LOW HITPOINT WARNING * * *
Sigmund freezes you.
* * * LOW HITPOINT WARNING * * *
Your rat closely misses Sigmund.
Sigmund casts a spell at himself.
Sigmund flickers and vanishes!
Deactivating autopickup; reactivate with Ctrl-A.
Something hits you.
* * * LOW HITPOINT WARNING * * *
Something freezes you.
You die... "Boring in life, boring in death..."

#.#.#......#.####
#.#.####...#.##.##
......##..##.##..##
....#.##..##.##.#.#
....#.....##......#
....#.##..##).#.#.#####++
............†............
###.########..#.#.######
#.# #....@.####### .#
#.##.#r....... #
.<....#{####### #
##..####.# ... #.......#
### #.####..# # #..# #
#..# #..#


You could see a friendly rat (summoned).

Vanquished Creatures
  Natasha (D:2)
  2 adders (D:2)
  A dart slug (D:1)
  A leopard gecko (D:1)
  A bat (D:1)
  2 giant cockroaches
  5 goblins (D:1)
  4 hobgoblins
  2 jackals (D:1)
  2 kobolds (D:1)
  A quokka (D:2)
  A ball python (D:2)
  2 frilled lizards (D:1)
  4 rats (D:1)
29 creatures vanquished.

Notes
Turn   | Place    | Note
-------+----------+-------------------------------------------
     0 | D:1      | kaeus the Gnoll Chaos Knight began the quest for the Orb.
     0 | D:1      | Reached XP level 1. HP: 23/23 MP: 1/1
   105 | D:1      | Reached XP level 2. HP: 29/29 MP: 2/2
   445 | D:1      | XOM: silly message
   502 | D:1      | Reached XP level 3. HP: 29/35 MP: 3/3
   925 | D:2      | Reached skill level 1 in Invocations
   963 | D:2      | Noticed Natasha
   968 | D:2      | Killed Natasha
   969 | D:2      | Reached skill level 1 in Short Blades
   969 | D:2      | Reached skill level 1 in Long Blades
   969 | D:2      | Reached skill level 1 in Maces & Flails
   969 | D:2      | Reached skill level 1 in Polearms
   969 | D:2      | Reached skill level 1 in Staves
   969 | D:2      | Reached skill level 1 in Slings
   969 | D:2      | Reached skill level 1 in Bows
   969 | D:2      | Reached skill level 1 in Crossbows
   969 | D:2      | Reached skill level 1 in Throwing
   969 | D:2      | Reached skill level 1 in Stealth
   969 | D:2      | Reached skill level 1 in Shields
   969 | D:2      | Reached skill level 1 in Unarmed Combat
   969 | D:2      | Reached skill level 1 in Spellcasting
   969 | D:2      | Reached skill level 1 in Evocations
   969 | D:2      | Reached XP level 4. HP: 39/41 MP: 5/5
   990 | D:2      | Noticed Sigmund
   999 | D:2      | XOM: cast spell 'Summon Small Mammal'
  1006 | D:2      | XOM: silly message
  1010 | D:2      | HP: 1/41 [something (3)]
  1010 | D:2      | Slain by Sigmund

Illustrated notes

Levels and vault maps discovered:
D:1:      dpeg_arrival_renting, layout_basic, minmay_pentomino_v4
D:2:      layout_loops_ring, kennysheep_cluttered_room, st_stairs_7,
          minmay_misc_feat_x, uniq_natasha, uniq_sigmund

Skill      XL: |  1  2  3 |
---------------+----------+-----
Invocations    | 1 |  1.2
Short Blades   | 1 |  1.1
Long Blades    | 1 |  1.1
Maces & Flails | 1 |  1.1
Polearms       | 1 |  1.1
Staves         | 1 |  1.1
Slings         | 1 |  1.1
Bows           | 1 |  1.1
Crossbows      | 1 |  1.1
Throwing       | 1 |  1.1
Stealth        | 1 |  1.1
Shields        | 1 |  1.1
Unarmed Combat | 1 |  1.1
Spellcasting   | 1 |  1.1
Evocations     | 1 |  1.1
Fighting       | |  6.6
Axes           | |  6.6
Armour         | |  4.6
Dodging        | |  2.7
Conjurations   | |  0.8
Hexes          | |  0.8
Summonings     | |  0.8
Necromancy     | |  0.8
Translocations | |  0.8
Transmutations | |  0.8
Fire Magic     | |  0.8
Ice Magic      | |  0.8
Air Magic      | |  0.8
Earth Magic    | |  0.8
Poison Magic   | |  0.8

Action                   |  1- 3 |  4- 6 || total
-------------------------+-------+-------++-------
Melee: Hand axe          |    52 |     9 ||    61
       Bite              |     3 |     1 ||     4
       Punch             |     1 |       ||     1
 Stab: Sleeping          |     1 |       ||     1
Armor: Leather armour    |    11 |       ||    11
Dodge: Dodged            |    32 |    13 ||    45
